Map: El Dorado

Players

BST

  • Race: Protoss Protoss
  • League: Silver
  • Spawn Location: 7:00

wootwoot - Winner!

  • Race: Zerg Zerg
  • Spawn Location: 5:00

VOD

Have the link to the VOD?

Description

Time

  • Played on: April 21, 2025, 8:23 a.m.
  • Length: 2:24
Show
View Real Time Build Order
Export as new Build Order

BST Protoss 

Build Orders:  

Get SALT Encoding   

  12  0:12  Pylon  
  12  0:18  Assimilator  
  12  0:22  Probe  
  13  0:38  Gateway  
  13  0:42  Probe  
  14  0:54  Probe  
  15  1:05  Probe  
  16  1:13  Probe  
  17  1:21  Probe  
  18  1:30  Zealot  
  18  1:31  Cybernetics Core  
  20  1:32  Probe  
  20  1:38  Pylon  
  21  1:45  Assimilator, Probe  
Show
View Real Time Build Order
Export as new Build Order

wootwoot Zerg - Winner!

Build Orders: Pool Only 

Get SALT Encoding   

  12  0:18  Spawning Pool  
  11  0:23  Drone  
  11  0:27  Drone  
  13  0:32  Drone  
  14  0:41  Overlord  
  14  1:05  Zergling x4  
  14  1:06  Zergling x2  
  17  1:18  Zergling x2  
  18  1:28  Zergling x2  
  19  1:38  Zergling x2  
  20  1:49  Zergling x2  
  21  2:02  Zergling x2  
Tags
 
League
Silver
Matchup
PvZ
Opening
Pool Only
Replay Pack
#1B2M-Replays
Spawn Locations
Close Positions
Add a new tag
Caveats
  • Supply blocks, unpowered buildings, or Contaminate may cause inaccurate times.
  • Supply counts are checked every 10 seconds.